 Dungeon Crawl Stone Soup version 0.30.0-29-ga12c61a403 (webtiles) character file.

Game seed: 17613718748106452177

44 McKennaii the Conjurer (level 3, -5/26 HPs)
             Began as a Demigod Conjurer on June 5, 2023.
             Slain by Grinder (9 damage)
             ... on level 3 of the Dungeon.
             The game lasted 00:01:08 (2339 turns).

McKennaii the Conjurer (Demigod Conjurer)           Turns: 2339, Time: 00:01:08

Health: -5/26      AC:  3    Str:  8    XL:     3   Next: 23%
Magic:  4/9        EV: 12    Int: 24    God:
Gold:   156        SH:  0    Dex: 12    Spells: 4/7 levels left

rFire   + . .        (no weapon)
rCold   + . .        (no shield)
rNeg    . . .        a - +0 robe
rPois   +            (no helmet)
rElec   +            (no cloak)
rCorr   +            l - +0 pair of gloves
SInv    .            (no boots)
Will    .....        (no amulet)
Stlth   ++           (no ring)
HPRegen 0.24/turn    (no ring)
MPRegen 0.11/turn

%: no passive effects
@: resistant
A: high MP 1, forlorn, divine attributes
a: no special abilities


You were on level 3 of the Dungeon.
You visited 1 branch of the dungeon, and saw 3 of its levels.

You collected 156 gold pieces.

Inventory:

Armour
 a - a +0 robe (worn)
 j - the +11 chain mail of the Grue {Fly rF+ Stlth-}
   (You found it on level 2 of the Dungeon)

   rF:        It protects you from fire.
   Fly:       It grants you flight.
   Stlth:     It makes you less stealthy.
 l - a +0 pair of gloves (worn)
Scrolls
 c - 2 scrolls of identify {unknown}
 e - 2 scrolls of poison {unknown}
 f - 2 scrolls of teleportation {unknown}
 h - a scroll of summoning {unknown}
 k - a scroll of vulnerability {unknown}
 m - a scroll of enchant weapon {unknown}
Potions
 b - 2 potions of magic
 g - a potion of mutation {unknown}
 i - a potion of haste {unknown}


   Skills:
 - Level 1.7 Dodging
 - Level 1.7 Stealth
 + Level 2.6 Spellcasting
 + Level 4.2 Conjurations


You had 4 spell levels left.
You knew the following spells:

 Your Spells              Type           Power      Damage    Failure   Level
a - Magic Dart            Conj           92%        1d7       1%          1
b - Searing Ray           Conj           46%        2d6       3%          2

Your spell library contained the following spells:

 Spells                   Type           Power      Damage    Failure   Level
 Summon Small Mammal      Summ           12%        N/A       12%         1
 Dazzling Flash           Conj/Hex       26%        N/A       14%         3
 Cigotuvi's Dreadful Rot  Necr/Pois/Air  6%         N/A       17%         2
 Call Canine Familiar     Summ           3%         N/A       34%         3
 Summon Guardian Golem    Hex/Summ       3%         N/A       34%         3
 Fulminant Prism          Conj/Hex       6%         3d7       43%         4
 Iskenderun's Mystic Bla  Conj/Tloc      13%        2d5       43%         4
 Dispel Undead            Necr           3%         3d7       75%         4
 Death Channel            Necr           1%         N/A       100%        6


Dungeon Overview and Level Annotations

Branches:
Dungeon (3/15)

Annotations:
D:2 1 runed translucent door, Crazy Yiuf
D:3 Grinder


Innate Abilities, Weirdness & Mutations

You have an increased reservoir of magic. (+10% MP)
You shall have no god before yourself.
Your divine heritage dramatically boosts your attributes as you level up.


Message History

Grinder is lightly wounded.
Grinder gestures at you. Pain shoots through your body!
Ouch! That really hurt!
Grinder is nearby!
You are too injured to fight recklessly!
Unknown command.
Grinder blinks!
There is an open door here.
You close the door.
Something unseen opens the door.
You see here a hobgoblin corpse.
Grinder blinks!
Grinder blinks!
Grinder closely misses you.
Casting: Magic Dart (safe; 1% risk of failure)
Confirm with . or Enter, or press ? or * to list all spells.
Aiming: Searing Ray (safe; 3% risk of failure)
Press: ? - help, Shift-Dir - straight line, f/p - Grinder
Aim: Grinder (75% to hit)
The searing ray hits Grinder.
Grinder is lightly wounded. (Press . to maintain the ray.) Grinder barely misses you.
The searing ray hits Grinder.
Grinder is lightly wounded.
Grinder hits you.
You writhe in agony.
The searing ray hits Grinder.
Grinder is moderately wounded.
Grinder hits you but does no damage.
The searing ray hits Grinder.
Grinder is moderately wounded.
You finish channelling your searing ray.
Grinder hits you.
You writhe in agony.
* * * LOW HITPOINT WARNING * * *
Unknown command.
It was a potion of resistance.
You feel protected. Grinder hits you!
You die...

#.# #.# #.# ############## #.#
#............# #.###########
#.####.#####.# #.##........###
#.# #.# #.####.##.######.#.##
#.# ##.# #...@5........##..#.#
#.# #..# #.####.##.###....###.
#.# #..#####.###...#.######..#.#
#.###........##>............#.##
#........#######...##########†#
#####.#### ##.## #.# #####.####
#.# #####5## #...†.<..# #.#
#....... #.###(##.# ##+#
#5###.##


You could see Grinder.

Vanquished Creatures
  2 adders
  A worm (D:2)
  A dart slug (D:2)
  3 giant cockroaches
  2 hobgoblins (D:3)
  A quokka (D:2)
  2 ball pythons (D:1)
  5 bats
  2 frilled lizards (D:1)
  2 kobolds (D:1)
  3 rats
24 creatures vanquished.

Notes
Turn   | Place    | Note
-------+----------+-------------------------------------------
     0 | D:1      | McKennaii the Demigod Conjurer began the quest for the Orb.
     0 | D:1      | Reached XP level 1. HP: 14/14 MP: 5/5
   515 | D:1      | Reached XP level 2. HP: 20/20 MP: 5/7
  1175 | D:2      | Identified the +11 chain mail of the Grue {Fly rF+ Stlth-}
  1247 | D:2      | Reached skill level 4 in Conjurations
  1619 | D:2      | Found a runed translucent door.
  1620 | D:2      | Noticed Crazy Yiuf
  2057 | D:3      | Learned a level 2 spell: Searing Ray
  2140 | D:3      | Reached XP level 3. HP: 26/26 MP: 3/9
  2302 | D:3      | Noticed Grinder
  2339 | D:3      | Slain by Grinder

Illustrated notes

Levels and vault maps discovered:
D:1:      minmay_arrival_semitransparent, layout_basic
D:2:      layout_loops_ring, basic_altar, kennysheep_another_room,
          uniq_crazy_yiuf_cottage
D:3:      layout_loops_corners, lightli_temple_of_fire, serial_shops, shop,
          shop, kennysheep_generic_room_5, uniq_grinder, uniq_jessica

Skill      XL: |  1  2 |
---------------+-------+-----
Spellcasting   | 2 |  2.6
Conjurations   | 4 |  4.2
Dodging        | |  1.7
Stealth        | |  1.7

Action                     || total
---------------------------++-------
   Cast: Magic Dart        ||    55
         Searing Ray       ||     1
    Use: Potion            ||     1
 Armour: Robe              ||     1
  Dodge: Dodged            ||     3
